 Dungeon Crawl Stone Soup version 0.22-a0-525-gf69a080 (webtiles) character file.

4313 gmonis the Bludgeoner (level 10, -4/78 HPs)
             Began as a Minotaur Berserker on June 20, 2018.
             Was an Elder of Trog.
             Slain by a wyvern (19 damage)
             ... on level 8 of the Dungeon.
             The game lasted 00:11:01 (9061 turns).

gmonis the Bludgeoner (Minotaur Berserker)          Turns: 9061, Time: 00:11:01

Health: -4/78      AC:  5    Str: 23    XL:     10   Next: 11%
Magic:  9/9        EV: 12    Int:  4    God:    Trog [****..]
Gold:   412        SH:  0    Dex: 12    Spells: 9/9 levels left

rFire    . . .     SeeInvis .   a - +0 mace
rCold    . . .     Gourm    .   (no shield)
rNeg     . . .     Faith    .   b - +0 animal skin
rPois    .         Spirit   .   (helmet restricted)
rElec    .         Reflect  .   (no cloak)
rCorr    +         Harm     .   (no gloves)
MR       .....                  p - +2 pair of boots {Fly}
Stlth    ..........             (no amulet)
HPRegen  0.23/turn              A - ring of loudness (curse)
MPRegen  0.11/turn              B - ring of resist corrosion

@: flying
A: retaliatory headbutt, horns 2
a: Berserk, Trog's Hand, Brothers in Arms, Renounce Religion, Stop Flying


You were on level 8 of the Dungeon.
You worshipped Trog.
Trog was greatly pleased with you.
You were near starving.

You visited 2 branches of the dungeon, and saw 9 of its levels.
You also visited: Sewer.

You collected 412 gold pieces.

Inventory:

Hand Weapons
 a - a +0 mace (weapon)
Missiles
 u - 109 stones (quivered)
Armour
 b - a +0 animal skin (worn)
 p - a +2 pair of boots of flying (worn)
Jewellery
 A - a cursed ring of loudness (left hand)
 B - a ring of resist corrosion (right hand)
Wands
 C - a wand of digging (12)
Scrolls
 d - 4 scrolls of noise {unknown}
 e - 7 scrolls of teleportation {unknown}
 f - 4 scrolls of immolation {unknown}
 g - 4 scrolls of identify {unknown}
 l - 5 scrolls of magic mapping {unknown}
 n - 2 scrolls of enchant weapon {unknown}
 r - 2 scrolls of blinking {unknown}
 t - 5 scrolls of enchant armour {unknown}
 x - 2 scrolls of fog {unknown}
 y - a scroll of fear {unknown}
Potions
 h - 3 potions of degeneration {unknown}
 i - 4 potions of curing
 j - 3 potions of agility {unknown}
 k - 2 potions of brilliance {unknown}
 m - a potion of haste {unknown}
 o - a potion of resistance {unknown}
 q - a potion of cancellation {unknown}
 s - a potion of ambrosia {unknown}
 v - a potion of lignification {unknown}
 w - 2 potions of might
 z - 3 potions of magic {unknown}
Comestibles
 c - 7 rations


   Skills:
 - Level 3.6 Fighting
 + Level 16.6 Maces & Flails
 - Level 2.4 Armour
 - Level 2.2 Dodging


You had 9 spell levels left.
You didn't know any spells.
Your spell library was empty.

Dungeon Overview and Level Annotations

Branches:
Dungeon (8/15)             Temple (1/1) D:4
   Lair: D:8-11

Altars:
Ashenzari
Cheibriados
Elyvilon
Fedhas
Hepliaklqana
Kikubaaqudgha
Makhleb
Okawaru
Qazlal
Ru
Sif Muna
Trog
Uskayaw
Wu Jian
Xom
Yredelemnul
Zin
The Shining One


Innate Abilities, Weirdness & Mutations

You reflexively headbutt those who attack you in melee.
You have a pair of horns on your head.


Message History

You hit the bullfrog. Your headbutt misses the bullfrog.
The bullfrog is severely wounded.
The wyvern closely misses you. The bullfrog barely misses you.
You furiously retaliate!
You headbutt the bullfrog, but do no damage.
You barely miss the bullfrog.
You headbutt the bullfrog, but do no damage.
The bullfrog is severely wounded.
The wyvern bites you!
* * * LOW HITPOINT WARNING * * *
The bullfrog hits you but does no damage.
You barely miss the bullfrog.
The bullfrog is severely wounded.
The wyvern barely misses you. The bullfrog closely misses you.
You furiously retaliate!
You headbutt the bullfrog. You sock the bullfrog!
You kill the bullfrog!
Trog accepts your kill. The wyvern bites you!!
You die...

#. .. #.###.
##..... # #......
.# ## #.....#+#
.# ..
#.....#.###.#.##
#.....#.........
#....<....†.#.#..
##.......@.....#
####.....l.#..#
#######.# ...
#... .... ... ..


You could see a wyvern.

Vanquished Creatures
  A two-headed ogre (D:6)
  Joseph (D:7)
  Grinder (D:6)
  Prince Ribbit (D:6)
  2 hippogriffs
  Eustachio (D:6)
  An ice beast (D:6)
  A sky beast (D:5)
  4 phantoms
  An ogre (D:6)
  A centaur (D:5)
  Blork the orc (D:5)
  3 big kobolds (Sewer)
  3 bullfrogs
  A scorpion (D:3)
  2 howler monkeys (D:4)
  7 crimson imps
  A centaur zombie (D:7)
  3 jellies (D:6)
  An orc priest (D:7)
  4 hounds
  An orc wizard (D:5)
  A centaur skeleton (D:6)
  2 iguanas (D:6)
  6 worker ants
  2 hound skeletons (D:5)
  11 adders
  7 gnolls
  A howler monkey skeleton (D:5)
  A river rat (Sewer)
  3 shadow imps
  5 oozes
  An adder skeleton (D:7)
  2 worms
  3 dart slugs
  5 leopard geckos
  8 orcs
  6 ball pythons
  3 bats (D:1)
  8 giant cockroaches
  6 goblins
  6 hobgoblins
  4 jackals
  11 kobolds
  4 quokkas
  3 frilled lizards
  7 rats
158 creatures vanquished.

Notes
Turn   | Place    | Note
-------+----------+-------------------------------------------
     0 | D:1      | gmonis the Minotaur Berserker began the quest for the Orb.
     0 | D:1      | Reached XP level 1. HP: 19/19 MP: 0/0
   307 | D:1      | Reached skill level 4 in Maces & Flails
   395 | D:1      | Reached XP level 2. HP: 27/27 MP: 1/1
  1044 | D:2      | Reached skill level 5 in Maces & Flails
  1044 | D:2      | Reached XP level 3. HP: 33/33 MP: 2/2
  1061 | D:1      | HP: 1/33 [gnoll/whip (4)]
  1790 | D:2      | Reached skill level 6 in Maces & Flails
  1790 | D:2      | Reached XP level 4. HP: 28/40 MP: 3/3
  2180 | D:2      | Found a sacrificial altar of Ru.
  2238 | D:2      | Reached ** piety under Trog
  2594 | D:3      | Reached XP level 5. HP: 46/46 MP: 4/4
  2596 | D:3      | Reached skill level 7 in Maces & Flails
  3142 | D:4      | Found a white marble altar of Elyvilon.
  3318 | D:4      | Reached skill level 8 in Maces & Flails
  3380 | D:4      | Reached XP level 6. HP: 49/52 MP: 5/5
  3639 | D:4      | Found a burning altar of Makhleb.
  3810 | D:4      | Found a staircase to the Ecumenical Temple.
  3843 | Temple   | Entered the Ecumenical Temple
  4356 | D:5      | Entered Level 5 of the Dungeon
  4394 | D:5      | Reached skill level 9 in Maces & Flails
  4572 | D:5      | Reached XP level 7. HP: 54/58 MP: 6/6
  4712 | D:5      | Reached skill level 10 in Maces & Flails
  5042 | D:5      | Reached *** piety under Trog
  5042 | D:5      | Reached skill level 11 in Maces & Flails
  5421 | D:5      | Found a blossoming altar of Fedhas.
  5461 | D:5      | Noticed Blork the orc
  5471 | D:5      | Killed Blork the orc
  5471 | D:5      | Reached XP level 8. HP: 34/66 MP: 7/7
  5649 | D:6      | Reached skill level 12 in Maces & Flails
  5757 | D:6      | Found a glowing drain.
  5785 | Sewer    | Entered a sewer
  6478 | D:6      | Reached skill level 13 in Maces & Flails
  6767 | D:6      | Noticed Prince Ribbit
  7073 | D:6      | Noticed Eustachio
  7083 | D:6      | Killed Eustachio
  7083 | D:6      | Reached skill level 14 in Maces & Flails
  7083 | D:6      | Reached XP level 9. HP: 68/71 MP: 8/8
  7109 | D:6      | Received a gift from Trog
  7374 | D:6      | Noticed Grinder
  7415 | D:6      | Paralysed by Grinder for 4 turns
  7420 | D:6      | Killed Grinder
  7480 | D:6      | Killed Prince Ribbit
  7863 | D:6      | Noticed a two-headed ogre
  7874 | D:6      | Killed a two-headed ogre
  7874 | D:6      | Reached skill level 15 in Maces & Flails
  8166 | D:7      | Found a stormy altar of Qazlal.
  8327 | D:7      | Found an ornate altar of the Wu Jian Council.
  8504 | D:7      | Reached **** piety under Trog
  8644 | D:7      | Reached skill level 16 in Maces & Flails
  8887 | D:7      | Noticed Joseph
  8899 | D:7      | Killed Joseph
  8899 | D:7      | Reached XP level 10. HP: 78/78 MP: 9/9
  9061 | D:8      | Slain by a wyvern

Vault maps used:
D:1:      tarquinn_simple_flora_water_d
D:2:      old_standard_altar, first_ration
D:4:      lemuel_crystal_altar, minmay_temple_entry_poolview,
          makhleb_heckhound_becter
D:5:      nicolae_overflow_hidden_temple, fedhas_altar_4, uniq_blork_the_orc
D:6:      cheibrodos_sewer_entry_drain, st_stairs_14, uniq_grinder,
          uniq_prince_ribbit1, uniq_eustachio
D:7:      old_standard_altar, old_standard_altar, uniq_joseph
Temple:   eino_temple_water
Sewer:    sewer_co_15_rooms

Skill      XL: |  1  2  3  4  5  6  7  8  9 |
---------------+----------------------------+-----
Maces & Flails | 4 5 6 8 9 11 14 16 | 16.6
Fighting       | |  3.6
Armour         | |  2.4
Dodging        | |  2.2

Action                   |  1- 3 |  4- 6 |  7- 9 | 10-12 || total
-------------------------+-------+-------+-------+-------++-------
Melee: Mace              |    64 |   102 |   354 |    14 ||   534
       Headbutt          |    14 |    15 |    78 |     6 ||   113
Invok: Berserk           |       |       |     3 |       ||     3
  Use: Potion            |       |     1 |       |       ||     1
 Stab: Sleeping          |     2 |       |       |       ||     2
       Distracted        |     1 |       |       |       ||     1
  Eat: Chunk             |     3 |     5 |    12 |       ||    20
       Ration            |       |     1 |     1 |       ||     2
Armor: Animal skin       |     3 |    27 |    49 |     6 ||    85
Dodge: Dodged            |    45 |    63 |   138 |    13 ||   259

Table legend:
 A = Spawn XP
 B = Non-spawn XP
 C = Spawn XP percentage of total XP
 D = Spawn monster count
 E = Non-spawn monster count
 F = Spawn count percentage of total count
 G = Total turns spent on level
                    A         B        C        D         E        F      G
               +---------+---------+-------+---------+---------+-------+---------
         Total |       0 |    6162 |   0.0 |       0 |     158 |   0.0 |  9061
               +---------+---------+-------+---------+---------+-------+---------
           D:1 |       0 |      39 |   0.0 |       0 |      15 |   0.0 |  1330
           D:2 |       0 |      84 |   0.0 |       0 |      20 |   0.0 |  1107
           D:3 |       0 |     119 |   0.0 |       0 |      12 |   0.0 |   688
           D:4 |       0 |     263 |   0.0 |       0 |      13 |   0.0 |   783
           D:5 |       0 |    1002 |   0.0 |       0 |      21 |   0.0 |  1228
           D:6 |       0 |    2803 |   0.0 |       0 |      31 |   0.0 |  2173
           D:7 |       0 |    1122 |   0.0 |       0 |      21 |   0.0 |   879
           D:8 |       0 |     351 |   0.0 |       0 |       2 |   0.0 |    18
         Sewer |       0 |     379 |   0.0 |       0 |      23 |   0.0 |   407
               +---------+---------+-------+---------+---------+-------+---------
